 Dungeon Crawl Stone Soup version 0.20.1-1-g8b1a95d (webtiles) character file.

3255 HelpMeObiWan the Nimble (level 9, -13/47 HPs)
             Began as a Spriggan Assassin on Nov 7, 2017.
             Was a Believer of Trog.
             Splashed by an acid dragon's acid (14 damage)
             ... on level 8 of the Dungeon.
             The game lasted 00:16:30 (12535 turns).

HelpMeObiWan the Nimble (Spriggan Assassin)        Turns: 12535, Time: 00:16:32

Health: -13/47     AC: -1    Str: 10    XL:     9   Next: 67%
Magic:  19/19      EV: 26    Int: 13    God:    Trog [**....]
Gold:   500        SH:  0    Dex: 17    Spells: 8/8 levels left

rFire    . . .     SeeInvis +   b - +0 blowgun
rCold    . . .     Gourm    .   (shield restricted)
rNeg     . . .     Faith    .   c - +0 robe
rPois    .         Spirit   .   (helmet restricted)
rElec    .         Reflect  .   d - +0 cloak
rCorr    .         Harm     .   (gloves unavailable)
MR       ++...                  (boots unavailable)
Stlth    ++++......             E - amulet of regeneration
Regen    0.6/turn               u - ring of magical power
MPRegen  0.2/turn               F - ring of protection from magic

@: corroded, drained, very quick
A: unfitting armour, see invisible, herbivore 3, speed 3, slow metabolism 2
a: Berserk, Trog's Hand, Burn Spellbooks, Renounce Religion


You were on level 8 of the Dungeon.
You worshipped Trog.
Trog was pleased with you.
You were not hungry.

You visited 2 branches of the dungeon, and saw 10 of its levels.

You collected 500 gold pieces.

Inventory:

Hand Weapons
 a - a +2 dagger
 b - a +0 blowgun (weapon)
Missiles
 e - 26 poisoned needles (quivered)
 f - a curare-tipped needle
 j - 196 stones
 G - a throwing net
 J - 5 tomahawks
Armour
 c - a +0 robe (worn)
 d - a +0 cloak (worn)
Jewellery
 k - an uncursed amulet of rage
 u - a ring of magical power (left hand)
 E - an amulet of regeneration (around neck)
 F - a ring of protection from magic (right hand)
Wands
 x - a wand of iceblast (7/15)
 D - a wand of random effects (38/48)
 I - a wand of random effects (19/48)
 K - a wand of scattershot (4/9)
 L - a wand of confusion (13/48)
Scrolls
 l - 3 scrolls of teleportation
 n - 8 scrolls of remove curse
 r - a scroll of random uselessness {unknown}
 t - 2 scrolls of enchant armour
 v - a scroll of enchant weapon {unknown}
 w - 2 scrolls of magic mapping {unknown}
 y - 2 scrolls of amnesia {unknown}
 z - a scroll of identify
 A - 2 scrolls of noise {unknown}
Potions
 h - 7 potions of curing
 i - 2 potions of heal wounds {unknown}
 m - 4 potions of brilliance
 o - 2 potions of flight
 p - a potion of ambrosia
 q - a potion of berserk rage
 s - 3 potions of haste {unknown}
 B - a potion of might {unknown}
 C - a potion of mutation {unknown}
 H - a potion of degeneration {unknown}
Comestibles
 g - 8 bread rations
 M - a royal jelly


   Skills:
 + Level 5.5(5.4) Fighting
 + Level 9.2(9.1) Short Blades
 - Level 3.9(3.8) Throwing
 + Level 10.2(10.0) Dodging
 + Level 8.7(8.6) Stealth


You had 8 spell levels left.
You didn't know any spells.

Dungeon Overview and Level Annotations

Branches:
Dungeon (9/15)             Temple (1/1) D:5            Lair (0/6) D:8
    Orc: D:9-12

Altars:
Ashenzari
Cheibriados
Dithmenos
Elyvilon
Gozag
Hepliaklqana
Kikubaaqudgha
Makhleb
Nemelex Xobeh
Okawaru
Qazlal
Ru
Sif Muna
Trog
Uskayaw
Vehumet
Xom
Yredelemnul
The Shining One

Annotations:
D:5 RedPhoenix122's ghost, amateur MiAK
D:6 exclusion: oklob plant
D:8 exclusion: 2 doors
D:9 antares's ghost, novice DrTm


Innate Abilities, Weirdness & Mutations

You are very small and have problems with some larger weapons.
You are too small for most types of armour.
You have supernaturally acute eyesight. (SInv)
You are a herbivore.
You cover ground extremely quickly.
You need consume almost no food.


Message History

You shoot a poisoned needle.
The poisoned needle barely misses the acid dragon.
Firing (i - inventory. (,) - cycle):
e - 28 poisoned needles (quivered)
Press: ? - help, Shift-Dir - straight line, f/p - acid dragon
Aim: an acid dragon You shoot a poisoned needle.
The poisoned needle barely misses the acid dragon.
The acid dragon spits acid at you. The splash of acid hits you!
The acid corrodes you!
You are splashed with acid!
The acid burns!
Firing (i - inventory. (,) - cycle):
e - 27 poisoned needles (quivered)
Press: ? - help, Shift-Dir - straight line, f/p - acid dragon
Aim: an acid dragon (catching its breath)
You shoot a poisoned needle.
The poisoned needle hits the acid dragon.
The acid dragon spits acid at you. The splash of acid hits you!
* * * LOW HITPOINT WARNING * * *
You are splashed with acid!
The acid burns!
You die...

#...# #...(...........# #..
#...####...............# #..
#..........(.#######)#####..
###.........[........[........
.............>................
..C....######'#........#######
.......######.#........####...
...............#...........'...
#..............@#........####[..
#########.......(........#......
#................#.#....
##########...........#.#....
#........#.........#...#....
######........#.........####...##
#...##........#D........<..'.C...
....''........#(........####.....
....##........#....<....####.....


You could see an acid dragon.

Vanquished Creatures
  A komodo dragon (D:8)
  A hippogriff (D:8)
  Menkaure (D:5)
  Edmund (D:5)
  3 orc warriors
  An ice beast (D:5)
  A sky beast (D:9)
  A black bear (D:7)
  An ogre (D:8)
  A phantom (D:7)
  2 centaurs (D:8)
  2 crocodiles (D:8)
  3 bullfrogs
  A scorpion (D:6)
  2 crimson imps
  A bullfrog zombie (D:6)
  A centaur zombie (D:8)
  3 hounds
  A gnoll shaman (D:5)
  3 orc priests
  6 jellies (D:6)
  A bullfrog skeleton (D:5)
  Terence (D:3)
  5 worker ants
  2 iguanas (D:7)
  6 orc wizards
  A hound skeleton (D:6)
  14 adders
  8 gnolls
  13 oozes (D:6)
  An adder zombie (D:9)
  5 worms
  3 dart slugs
  3 leopard geckos
  22 orcs
  A ball python (D:3)
  4 giant cockroaches
  4 goblins
  9 hobgoblins
  5 jackals (D:4)
  11 kobolds
  3 quokkas
  9 bats
  3 frilled lizards
  A jackal skeleton (D:8)
  9 rats
181 creatures vanquished.

Vanquished Creatures (others)
  5 fungi (D:6)
5 creatures vanquished.

Grand Total: 186 creatures vanquished

Notes
Turn   | Place    | Note
-------+----------+-------------------------------------------
     0 | D:1      | HelpMeObiWan the Spriggan Assassin began the quest for the Orb.
     0 | D:1      | Reached XP level 1. HP: 10/10 MP: 2/2
   361 | D:1      | Reached XP level 2. HP: 13/15 MP: 3/3
   472 | D:1      | Reached skill level 2 in Dodging
   551 | D:1      | Reached XP level 3. HP: 17/18 MP: 4/4
  1247 | D:2      | Found a stormy altar of Qazlal.
  1261 | D:2      | Found an ancient bone altar of Kikubaaqudgha.
  1408 | D:2      | Reached skill level 3 in Dodging
  1408 | D:2      | Reached XP level 4. HP: 23/23 MP: 5/5
  2449 | D:2      | Reached XP level 5. HP: 26/26 MP: 6/6
  2778 | D:3      | Reached skill level 5 in Short Blades
  3213 | D:3      | Noticed Terence
  3745 | D:3      | Reached skill level 4 in Dodging
  3930 | D:3      | Killed Terence
  3930 | D:3      | Reached XP level 6. HP: 32/32 MP: 7/7
  5313 | D:4      | Found a shadowy altar of Dithmenos.
  5402 | D:4      | Found a deep blue altar of Sif Muna.
  5448 | D:5      | Entered Level 5 of the Dungeon
  5503 | D:5      | Noticed an ice beast
  5507 | D:5      | Killed an ice beast
  5513 | D:5      | Noticed Edmund
  5532 | D:5      | Killed Edmund
  5532 | D:5      | Reached skill level 5 in Dodging
  5532 | D:5      | Reached XP level 7. HP: 27/36 MP: 8/8
  5628 | D:5      | Found a staircase to the Ecumenical Temple.
  5635 | Temple   | Entered the Ecumenical Temple
  5824 | Temple   | Became a worshipper of Trog the Wrathful
  6274 | D:5      | Noticed Menkaure
  6278 | D:5      | Killed Menkaure
  6292 | D:5      | Reached skill level 6 in Dodging
  6329 | D:5      | Noticed RedPhoenix122's ghost (amateur MiAK)
  6751 | D:5      | Found a sacrificial altar of Ru.
  6878 | D:6      | Noticed an oklob plant
  6880 | D:6      | Reached XP level 8. HP: 41/41 MP: 9/9
  7699 | D:6      | Reached * piety under Trog
  7699 | D:6      | Reached skill level 7 in Dodging
  9402 | D:7      | Found a snail-covered altar of Cheibriados.
  9470 | D:7      | Reached skill level 8 in Dodging
  9858 | D:7      | Found a white marble altar of Elyvilon.
 10660 | D:8      | Reached XP level 9. HP: 46/46 MP: 10/10
 10674 | D:8      | Reached skill level 9 in Dodging
 10816 | D:8      | Reached ** piety under Trog
 11580 | D:8      | Reached skill level 5 in Fighting
 11806 | D:8      | Noticed a cyclops
 11838 | D:9      | Noticed antares's ghost (novice DrTm)
 11920 | D:8      | Noticed a komodo dragon
 11989 | D:8      | Killed a komodo dragon
 11989 | D:8      | Reached skill level 10 in Dodging
 12422 | D:8      | Found a staircase to the Lair.
 12535 | D:8      | HP: 1/47 [acid dragon/splash of acid (18)]
 12535 | D:8      | Splashed by an acid dragon's acid

Skill      XL: |  1  2  3  4  5  6  7  8  9 |
---------------+----------------------------+-----
Short Blades   | 3 4 5 6 7 8 9 |  9.2
Dodging        | 2 3 4 5 6 8 10 | 10.2
Fighting       | 2 3 4 5 |  5.5
Throwing       | 3 |  3.9
Stealth        | 6 8 |  8.7

Action                   |  1- 3 |  4- 6 |  7- 9 || total
-------------------------+-------+-------+-------++-------
Melee: Dagger            |   106 |   274 |   686 ||  1066
 Fire: Blowgun           |     7 |    33 |    94 ||   134
Throw: Stone             |       |    42 |    83 ||   125
  Use: Potion            |     1 |       |       ||     1
       Scroll            |       |     6 |     2 ||     8
 Stab: Sleeping          |    13 |    11 |    16 ||    40
       Distracted        |       |     1 |     2 ||     3
  Eat: Fruit             |       |     2 |       ||     2
       Bread ration      |       |       |     1 ||     1
       Royal jelly       |       |       |     1 ||     1
Armor: Robe              |    18 |    22 |    30 ||    70
Dodge: Dodged            |    77 |   185 |   379 ||   641
